 Dungeon Crawl Stone Soup version 0.29.1-15-g9cfb28693d (webtiles) character file.

Game seed: 15494821819402884593

191 sweetbreads the Digger (level 5, -3/30 HPs)
             Began as a Gargoyle Earth Elementalist on Mar 20, 2023.
             Killed from afar by Ijyb (18 damage)
             ... with an iceblast
             ... on level 4 of the Dungeon.
             The game lasted 00:09:46 (3371 turns).

sweetbreads the Digger (GrEE)                       Turns: 3371, Time: 00:09:46

Health: -3/30      AC:  8    Str: 12    XL:     5   Next: 70%
Magic:  7/8        EV: 12    Int: 23    God:
Gold:   100        SH:  0    Dex: 10    Spells: 1/9 levels left

rFire   . . .      SeeInvis .   a - +0 dagger (venom)
rCold   . . .      Faith    .   (no shield)
rNeg    + . .      Spirit   .   k - +0 robe
rPois   ∞          Reflect  .   (no helmet)
rElec   +          Harm     .   (no cloak)
rCorr   .          Rampage  .   (no gloves)
Will    .....                   f - +1 pair of boots
Stlth   ++........              (no amulet)
HPRegen 0.10/turn               c - +6 ring of intelligence
MPRegen 0.11/turn               (no ring)

@: no status effects
A: sickness immunity, AC +4, negative energy resistance 1, electricity
resistance, torment resistance 1, petrification resistance
a: no special abilities


You were on level 4 of the Dungeon.
You visited 1 branch of the dungeon, and saw 4 of its levels.

You collected 100 gold pieces.

Inventory:

Hand Weapons
 a - a +0 dagger of venom (weapon)
 r - a +0 flail
Armour
 f - a +1 pair of boots (worn)
 k - a +0 robe (worn)
Jewellery
 c - a +6 ring of intelligence (left hand)
Scrolls
 g - 4 scrolls of enchant weapon {unknown}
 h - 2 scrolls of fog {unknown}
 i - 2 scrolls of teleportation {unknown}
 j - 4 scrolls of identify {unknown}
 m - a scroll of immolation {unknown}
 o - a scroll of fear {unknown}
 p - a scroll of brand weapon {unknown}
 q - a scroll of noise {unknown}
 s - a scroll of poison {unknown}
Potions
 b - a potion of magic
 d - 2 potions of heal wounds {unknown}
 e - 2 potions of curing {unknown}
 l - 2 potions of attraction {unknown}
 n - a potion of flight {unknown}


   Skills:
 * Level 1.9 Fighting
 * Level 2.2 Dodging
 * Level 3.0 Stealth
 * Level 2.5 Spellcasting
 * Level 0.2 Translocations
 * Level 1.5 Transmutations
 + Level 5.3 Earth Magic


You had one spell level left.
You knew the following spells:

 Your Spells              Type           Power      Damage    Failure   Level
a - Sandblast             Erth           54%        2d13      1%          1
b - Stone Arrow           Conj/Erth      30%        3d8       12%         3
c - Petrify               Tmut/Erth      18%        N/A       28%         4

Your spell library contained the following spells:

 Spells                   Type           Power      Damage    Failure   Level
 Magic Dart               Conj           8%         1d3       12%         1
 Passwall                 Tmut/Erth      15%        N/A       4%          2
 Blink                    Tloc           8%         N/A       17%         2
 Call Imp                 Summ           2%         N/A       19%         2
 Static Discharge         Conj/Air       2%         3-4/arc   19%         2
 Mephitic Cloud           Conj/Pois/Air  2%         N/A       36%         3
 Dispel Undead            Necr           2%         3d7       77%         4
 Sticky Flame             Conj/Fire      2%         2d3       77%         4
 Manifold Assault         Tloc           4%         N/A       97%         5
 Storm Form               Tmut/Air       3%         N/A       100%        7


Dungeon Overview and Level Annotations

Branches:
Dungeon (4/15)
 Temple: D:4-7

Altars:
Vehumet
The Shining One

Shops:
D:4 :

Annotations:
D:3 1 runed translucent door, exclusion: statue, Crazy Yiuf
D:4 Ijyb


Innate Abilities, Weirdness & Mutations

You are immune to sickness and miasma.
Your stone body is resilient. (AC +4)
You are immune to poison.
You resist negative energy. (rN+)
You are resistant to electric shocks. (rElec)
You are resistant to unholy torment.
You are immune to petrification.


Message History

You kill the jackal!
The jackal barks!
A jackal comes into view.
Casting: Sandblast (safe; 1% risk of failure)
Confirm with . or Enter, or press ? or * to list all spells.
Aiming: Sandblast (safe; 1% risk of failure)
Press: ? - help, Shift-Dir - straight line, f - jackal
Aim: a jackal (79% to hit)
The blast of sand hits the jackal!
You kill the jackal!
The jackal barks!
Your Stealth skill increases to level 3!
Casting: Sandblast (safe; 1% risk of failure)
Confirm with . or Enter, or press ? or * to list all spells.
Aiming: Sandblast (safe; 1% risk of failure)
Press: ? - help, Shift-Dir - straight line, f - jackal
Aim: a jackal (79% to hit)
The blast of sand hits the jackal!
You kill the jackal!
Unknown command.
Things that are here:
a jackal corpse; a jackal corpse
Found a leather armour.
Found a mace.
Found Cuetuif's Vocational Training.
Ijyb the Twisted Goblin comes into view.
She is wielding a +0 club and carrying a wand of iceblast (4).
Ijyb shouts!
Ijyb zaps a wand.
The mass of ice explodes!
The iceblast engulfs you!
Ouch! That really hurt!
There is an entrance to Cuetuif's Vocational Training here.
Casting: Sandblast (safe; 1% risk of failure)
Confirm with . or Enter, or press ? or * to list all spells.
Aiming: Sandblast (safe; 1% risk of failure)
Press: ? - help, Shift-Dir - straight line, f - Ijyb
Aim: Ijyb, wielding a +0 club, wearing a +0 leather armour and carrying a wand of iceblast (3) (79% to hit)
The blast of sand hits Ijyb!
Ijyb is moderately wounded.
Ijyb zaps a wand.
The mass of ice explodes!
The iceblast engulfs you!!
Ouch! That really hurt!
You die...

#..........##.####.###.#
#.#
##########.##....[...#.#
#.# ###.##..###.#.#.#
#.# .....#..#...#.#.#
#.# .....#..#.#.# #.#
#.# ..........#.# #.#
#.# ##.#.⌠.⌠.###.#.# #.#
#.........# #.#
#..@..##### #.#
#...........# #..
......⌠.⌠.###.# #..
..........g. #..
......#####.# #.. #####.
.# #.. ## # #.. #..
########..


You could see Ijyb.

Vanquished Creatures
  A hound (D:4)
  An orc wizard (D:3)
  6 adders
  2 worms (D:2)
  2 dart slugs
  3 orcs (D:3)
  8 ball pythons
  6 endoplasms
  A giant cockroach (D:2)
  8 goblins
  4 hobgoblins
  6 jackals
  6 kobolds
  A quokka (D:1)
  5 bats
  2 frilled lizards
  7 rats
69 creatures vanquished.

Notes
Turn   | Place    | Note
-------+----------+-------------------------------------------
     0 | D:1      | sweetbreads the Gargoyle Earth Elementalist began the quest
                  | for the Orb.
     0 | D:1      | Reached XP level 1. HP: 10/10 MP: 3/3
   209 | D:1      | Reached XP level 2. HP: 16/16 MP: 0/5
   340 | D:1      | Reached skill level 4 in Earth Magic
   420 | D:2      | Reached skill level 1 in Transmutations
   451 | D:2      | Reached XP level 3. HP: 20/20 MP: 3/6
   543 | D:1      | Found a faded altar of an unknown god.
   648 | D:1      | Reached skill level 1 in Fighting
  1424 | D:2      | Learned a level 3 spell: Stone Arrow
  1436 | D:2      | Reached XP level 4. HP: 25/25 MP: 4/7
  2026 | D:2      | Reached skill level 5 in Earth Magic
  2331 | D:3      | Found a radiant altar of Vehumet.
  2331 | D:3      | Noticed a frost-covered statue
  2437 | D:3      | Found a runed translucent door.
  2438 | D:3      | Noticed Crazy Yiuf
  2671 | D:3      | Found a glowing golden altar of the Shining One.
  2678 | D:3      | Reached XP level 5. HP: 23/30 MP: 2/8
  3017 | D:3      | Learned a level 4 spell: Petrify
  3363 | D:4      | Found Cuetuif's Vocational Training.
  3368 | D:4      | Noticed Ijyb
  3371 | D:4      | Killed from afar by Ijyb

Illustrated notes

Levels and vault maps discovered:
D:1:      dpeg_arrival_windows_large_door, layout_basic,
          hellmonk_ecumenical_altar_run_dry
D:2:      layout_loops_ring
D:3:      layout_basic, nicolae_tso_carved_into_rock, vehumet_statue,
          uniq_crazy_yiuf_cottage
D:4:      layout_basic, nicolae_shop_vocational, uniq_ijyb

Skill      XL: |  1  2  3  4  5 |
---------------+----------------+-----
Earth Magic    | 4 5 |  5.3
Transmutations | 1 |  1.5
Fighting       | 1 |  1.9
Dodging        | 2 |  2.2
Stealth        | 3 |  3.0
Spellcasting   | |  2.5
Translocations | |  0.2

Action                   |  1- 3 |  4- 6 || total
-------------------------+-------+-------++-------
Melee: Unarmed           |     4 |       ||     4
       Dagger            |       |     4 ||     4
 Cast: Sandblast         |    42 |    51 ||    93
Armor: Robe              |     7 |     5 ||    12
Dodge: Dodged            |    13 |    11 ||    24
